 Dungeon Crawl Stone Soup version 0.19.0 (webtiles) character file.

65 Korbac the Conjurer (level 3, -1/26 HPs)
             Began as a Draconian Conjurer on Nov 1, 2016.
             Slain by a goblin
             ... wielding a +0 dagger
             ... led by Robin
              (4 damage)
             ... on level 2 of the Dungeon.
             The game lasted 00:10:17 (1728 turns).

Korbac the Conjurer (Draconian Conjurer)            Turns: 1728, Time: 00:10:18

Health: -1/26      AC:  6    Str:  9 (10) XL:     3   Next: 94%
Magic:  2/6        EV: 12    Int: 13 (16) God:
Gold:   72         SH:  0    Dex:  9 (11) Spells: 2 memorised, 3 levels left

rFire  . . .     SeeInvis .     d - +0 dagger
rCold  . . .     Gourm    .     (armour unavailable)
rNeg   . . .     Faith    .     (no shield)
rPois  .         Spirit   .     (helmet restricted)
rElec  .         Reflect  .     (no cloak)
rCorr  .         Harm     .     g - +0 pair of gloves
MR     .....                    (no boots)
Stlth  ++........               (no amulet)
                                (no ring)
                                (no ring)

@: flying
A: unfitting armour, cold-blooded, AC +5
a: no special abilities


You were on level 2 of the Dungeon.
You were not hungry.

You visited 1 branch of the dungeon, and saw 2 of its levels.

You collected 72 gold pieces.

Inventory:

Hand Weapons
 d - a +0 dagger (weapon)
Armour
 g - a +0 pair of gloves (worn)
Scrolls
 c - a scroll of identify
 l - a scroll of fog {unknown}
Books
 a - a book of Conjurations

   Spells                             Type                      Level
   a - Magic Dart                     Conjuration                  1
   b - Searing Ray                    Conjuration                  2
   c - Dazzling Spray                 Conjuration/Hexes            3
   d - Fulminant Prism                Conjuration/Hexes            4
   e - Iskenderun's Mystic Blast      Conjuration                  4
   f - Iskenderun's Battlesphere      Conjuration/Charms           5


   Skills:
 + Level 0.2 Fighting
 + Level 0.8 Short Blades
 + Level 2.1 Dodging
 - Level 1.7 Stealth
 * Level 2.5 Spellcasting
 * Level 4.8 Conjurations


You had 3 spell levels left.
You knew the following spells:

 Your Spells              Type           Power        Failure   Level  Hunger
a - Magic Dart            Conj           ##..         3%          1    #......
b - Dazzling Spray        Conj/Hex       #.....       28%         3    ###....


Dungeon Overview and Level Annotations

Branches:
Dungeon (2/15)

Altars:
Hepliaklqana

Annotations:
D:2 Robin


Innate Abilities, Weirdness & Mutations

Your plain brown scales are hard. (AC +5)
You cannot fit into any form of body armour.
You are cold-blooded and may be slowed by cold attacks.


Message History

You fly up into the air.
The hobgoblin hits you.
Robin splashes around in the water.
The goblin hits you with a dagger.
The goblin unwields an uncursed hunting sling.
The goblin wields an uncursed dagger.
The goblin splashes around in the water.
The hobgoblin hits you.
* * * LOW HITPOINT WARNING * * *
Robin says, "Kneel, worm!"
The hobgoblin hits the plant but does no damage. x2
The goblin splashes around in the water.
The goblin hits the plant with an uncursed dagger.
The hobgoblin hits the plant but does no damage.
A goblin comes into view.
The hobgoblin hits the plant but does no damage.
Robin says, "A pitiful Draconian like you will never find the ORB!"
Robin roars a battlecry!
Robin throws the goblin at you!
Robin completely misses the plant.
The goblin hits you with an uncursed dagger.
You die...

#≈≈≈≈.≈P)P...÷..#
#.###
#≈≈P≈.≈≈≈g......###...
#♣P≈≈.≈g≈♣......#....#
#♣♣≈.≈Pg♣.#(#..#....##
♣≈gggP#.._...# #...##
♣≈.gP♣#.#.#..##♣.#.>#
♣♣≈.≈≈≈#.(....)≈≈Pg...
♣≈P.≈≈≈♣####♣PP♣≈P♣###
♣≈≈.≈@g♣ ♣≈≈≈≈g≈♣
♣≈≈.≈≈≈♣ ♣P≈≈≈≈P≈#
♣≈≈.P≈≈♣ ♣≈≈≈≈PP♣g.
♣♣≈.≈≈P≈ ≈≈≈≈≈P≈≈♣..
.≈≈.P≈≈≈g P≈≈≈≈≈≈P≈..
##.♣.≈≈≈≈≈≈≈≈≈≈≈≈≈≈♣..
...........
##...≈≈≈≈≈≈≈≈


You could see Robin, 5 hobgoblins and 3 goblins.

Vanquished Creatures
  2 adders (D:2)
  An ooze (D:2)
  A ball python (D:1)
  3 giant cockroaches
  8 goblins
  4 hobgoblins
  3 jackals (D:2)
  7 bats
  7 kobolds
  2 rats (D:1)
38 creatures vanquished.

Notes
Turn   | Place    | Note
-------+----------+-------------------------------------------
     0 | D:1      | Korbac the Draconian Conjurer began the quest for the Orb.
     0 | D:1      | Reached XP level 1. HP: 14/14 MP: 3/3
   320 | D:1      | Reached XP level 2. HP: 20/20 MP: 0/5
   951 | D:2      | Found a hazy altar of Hepliaklqana.
  1053 | D:2      | Reached XP level 3. HP: 12/26 MP: 0/6
  1370 | D:2      | Learned a level 3 spell: Dazzling Spray
  1675 | D:2      | Noticed Robin
  1728 | D:2      | Slain by a goblin

Skill      XL: |  1  2 |
---------------+-------+-----
Dodging        | 2 |  2.1
Fighting       | |  0.2
Short Blades   | |  0.8
Stealth        | |  1.7
Spellcasting   | |  2.5
Conjurations   | |  4.8

Action                   || total
-------------------------++-------
Melee: Dagger            ||   107
       Tailslap          ||     9
 Cast: Magic Dart        ||    72
       Dazzling Spray    ||     1
  Use: Potion            ||     7
       Scroll            ||     2
  Eat: Bread ration      ||     1
       Beef jerky        ||     1
Armor: Skin              ||    60
Dodge: Dodged            ||   106
